Map: Eastwatch LE

Players

Lambo

  • Race: Zerg Zerg
  • Spawn Location: 1:00

Snute - Winner!

  • Race: Zerg Zerg
  • Spawn Location: 7:00

Event: WCS Leipzig 2018

VOD

Have the link to the VOD?

Description

Time

  • Played on: Jan. 27, 2018, 7:31 a.m.
  • Length: 7:29

All games in this series

Show
View Real Time Build Order
Export as new Build Order

Lambo Zerg 

Build Orders: 3 Hatch before Pool 

Get SALT Encoding   

  12  0:01  Drone  
  13  0:13  Overlord  
  13  0:17  Drone  
  14  0:31  Drone x2  
  14  0:35  Drone  
  17  0:52  Hatchery  
  17  0:55  Drone  
  17  0:58  Drone  
  18  1:08  Drone  
  19  1:21  Hatchery  
  18  1:27  Extractor  
  17  1:36  Spawning Pool  
  17  1:38  Drone  
  17  1:42  Drone  
  17  1:45  Drone  
  19  1:52  Drone  
  20  2:01  Drone  
  20  2:04  Drone  
  22  2:13  Drone  
  22  2:15  Drone  
  24  2:22  Queen x2  
  24  2:28  Metabolic Boost  
  28  2:33  Drone  
  28  2:35  Drone  
  30  2:39  Overlord  
  30  2:41  Zergling x2  
  31  2:46  Baneling Nest  
  31  2:48  Zergling x2  
  31  2:50  Zergling x2  
  32  2:58  Queen  
  34  3:01  Zergling x2  
  35  3:06  Overlord  
  35  3:25  Zergling x2  
  35  3:26  Zergling x4  
  38  3:29  Zergling x4  
  38  3:30  Zergling x4  
  42  3:34  Baneling  
  42  3:35  Baneling x2  
  42  3:36  Baneling  
  42  3:38  Overlord  
  39  3:51  Zergling x8  
  39  3:52  Zergling x2  
  39  3:56  Zergling x8  
  39  4:01  Zergling x2  
  43  4:05  Zergling x2  
  43  4:06  Zergling x4  
  44  4:14  Drone  
  44  4:15  Zergling x6  
  48  4:24  Zergling x4  
  50  4:35  Zergling x2  
  50  4:37  Baneling x2  
  50  4:38  Baneling  
  50  4:44  Drone x2  
  50  4:48  Roach Warren  
  50  4:49  Extractor, Queen  
  48  4:54  Overlord  
  48  4:57  Overlord  
  48  4:59  Overlord  
  45  5:04  Overlord  
  42  5:11  Overlord  
  41  5:14  Baneling x2  
  41  5:16  Drone x7  
  48  5:21  Drone x2  
  50  5:29  Drone x3  
  50  5:32  Extractor  
  52  5:47  Roach x7  
  64  5:54  Overlord  
  64  5:55  Roach  
  64  5:56  Roach x2  
  69  6:00  Roach  
  70  6:09  Roach x2  
  73  6:12  Zergling x2, Roach  
  73  6:13  Zergling x6  
  73  6:15  Overlord  
  73  6:18  Zergling x6  
  81  6:22  Zergling x4  
  81  6:23  Zergling x2  
  84  6:27  Zergling x6  
  84  6:29  Ravager  
  88  6:37  Ravager  
  88  6:38  Zergling x6  
  92  6:41  Baneling x2  
  92  6:46  Zergling x2  
  92  6:47  Zergling x2  
  94  6:48  Zergling x8  
  94  6:49  Baneling  
  94  6:50  Baneling x2  
  98  7:00  Zergling x2  
  92  7:03  Roach, Zergling x4  
  92  7:04  Zergling x8  
  92  7:05  Ravager  
  84  7:20  Ravager  
Show
View Real Time Build Order
Export as new Build Order

Snute Zerg - Winner!

Build Orders: Hatch First, Zergling Baneling 

Get SALT Encoding   

  12  0:01  Drone  
  13  0:12  Overlord  
  13  0:16  Drone  
  14  0:30  Drone x2  
  14  0:34  Drone  
  17  0:51  Hatchery  
  17  0:54  Drone  
  17  0:58  Drone  
  17  1:01  Extractor  
  17  1:13  Spawning Pool  
  17  1:16  Drone  
  17  1:19  Drone  
  18  1:28  Drone  
  19  1:38  Overlord  
  19  1:49  Drone  
  20  1:59  Queen  
  20  2:00  Zergling x2, Metabolic Boost  
  23  2:03  Queen  
  23  2:07  Zergling x2  
  26  2:10  Zergling x2  
  26  2:14  Drone  
  28  2:22  Drone  
  29  2:29  Drone  
  30  2:32  Drone  
  30  2:35  Drone, Queen  
  34  2:43  Overlord  
  34  2:46  Drone  
  35  3:05  Zergling x6  
  38  3:08  Zergling x8  
  38  3:12  Zergling x2  
  43  3:16  Zergling x2  
  44  3:21  Baneling Nest, Hatchery  
  44  3:22  Drone  
  44  3:25  Overlord  
  43  3:38  Drone  
  43  3:40  Overlord  
  44  3:44  Zergling x6  
  47  3:51  Zergling x8  
  47  3:52  Zergling x2  
  49  3:57  Drone  
  49  4:00  Drone  
  49  4:02  Drone  
  43  4:11  Baneling x4  
  43  4:13  Drone x2  
  43  4:16  Baneling x2  
  45  4:19  Zergling x2  
  45  4:24  Zergling x2  
  46  4:33  Zergling x2  
  46  4:34  Queen  
  47  4:38  Baneling  
  47  4:39  Baneling  
  47  4:40  Drone x3  
  47  4:45  Zergling x10  
  54  4:48  Drone x2  
  54  4:54  Zergling x2  
  54  4:56  Drone x2  
  54  4:58  Extractor  
  55  5:00  Evolution Chamber  
  55  5:05  Baneling x2  
  55  5:06  Overlord  
  53  5:07  Drone x3  
  56  5:14  Drone x3  
  56  5:15  Drone x2  
  56  5:18  Extractor  
  56  5:21  Drone x2  
  62  5:26  Zerg Missile Weapons Level 1  
  62  5:29  Drone, Roach Warren  
  62  5:35  Drone x3  
  65  5:36  Baneling  
  65  5:37  Baneling  
  65  5:38  Drone  
  65  5:39  Drone  
  67  5:45  Drone, Overlord  
  67  5:47  Drone x2  
  67  5:49  Drone  
  70  5:56  Drone x2  
  72  6:00  Overlord  
  72  6:11  Overlord  
  71  6:13  Drone  
  71  6:14  Roach x5  
  71  6:18  Overlord x2  
  80  6:21  Roach x2  
  80  6:23  Roach  
  80  6:24  Extractor  
  85  6:26  Roach  
  85  6:27  Roach  
  85  6:29  Spine Crawler  
  85  6:31  Roach x3  
  94  6:35  Roach  
  94  6:37  Roach x2  
  100  6:44  Roach x3  
  100  6:45  Overlord  
  100  6:46  Roach  
  108  6:49  Roach  
  105  7:02  Roach x4  
  105  7:06  Ravager  
Tags
 
Add a new tag
Caveats
  • Supply blocks, unpowered buildings, or Contaminate may cause inaccurate times.
  • Supply counts are checked every 10 seconds.